[Event "South Island Championships 2023"]
[Site "Oamaru, New Zealand"]
[Date "2023.09.27"]
[Round "1.11"]
[White "Holdo, Karl"]
[Black "Mayrhuber, Nikola"]
[Result "0-1"]
[TimeControl "90 + 30"]
[WhiteFideId "4304586"]
[BlackFideId "1637819"]
[WhiteElo "1551"]
[BlackElo "2059"]

1. d4 Nf6 2. Nf3 e6 3. c4 Bb4+ 4. Bd2 Qe7 5. Nc3 Bxc3 6. Bxc3 Ne4 7. Qc2 Nxc3 8. Qxc3 d6 9. e4 Nd7 10.
Bd3 e5 11. O-O O-O 12. Bc2 Re8 13. dxe5 dxe5 14. Ba4 c6 15. b4 Nf6 16. Rfe1 Bg4 17. c5 Bxf3 18. Qxf3 a5 19. a3 Red8 20.
Qc3 Rd4 21. Bc2 g6 22. Rad1 Rad8 23. Rxd4 Rxd4 24. f3 axb4 25. axb4 Qd8 26. Re2 Ne8 27. Bb3 Nc7 28. Qe1 Na6 29.
Qg3 Qe7 30. f4 Rxb4 31. fxe5 Nxc5 32. Bc2 Ne6 33. Rd2 Qc5+ 34. Qf2 Qxf2+ 35. Kxf2 Kf8 36. Ke3 Ke7 37. g3 Rb5 38.
Bd1 Rxe5 0-1

[Event "South Island Championships 2023"]
[Site "Oamaru, New Zealand"]
[Date "2023.09.27"]
[Round "1.1"]
[White "Anikonov, Artem"]
[Black "Lukey, Stephen G"]
[Result "0-1"]
[TimeControl "90 + 30"]
[WhiteFideId "34339876"]
[BlackFideId "4300386"]
[WhiteElo "1721"]
[BlackElo "2307"]

1. e4 e6 2. d4 d5 3. exd5 exd5 4. Nc3 Nf6 5. Nf3 Bd6 6. Bd3 O-O 7. O-O Bg4 8. Bg5 c6 9. h3 Bh5 10.
Be2 Nbd7 11. Ne5 Bxe2 12. Qxe2 Re8 13. f4 Qb6 14. Qd3 Nxe5 15. Na4 Nxd3 16. Nxb6 axb6 17. cxd3 Re2 18. Rf2 Rae8 19.
Kf1 Rxf2+ 20. Kxf2 c5 21. dxc5 Bxc5+ 22. Kf3 Re3+ 23. Kf2 Rxd3+ 24. Ke2 Re3+ 25. Kd2 Ne4+ 26. Kc2 d4 27. Rd1 f5 28.
a3 Re2+ 29. Kd3 Rxb2 30. Re1 b5 31. Rxe4 fxe4+ 0-1

[Event "South Island Championships 2023"]
[Site "Oamaru, New Zealand"]
[Date "2023.09.27"]
[Round "1.3"]
[White "Mischke, Andreas"]
[Black "Carpinter, Anthony L"]
[Result "1/2-1/2"]
[TimeControl "90 + 30"]
[WhiteFideId "34649840"]
[BlackFideId "4300238"]
[WhiteElo "1680"]
[BlackElo "2217"]

1. e4 e6 2. d4 d5 3. Bd3 dxe4 4. Bxe4 Nf6 5. Bf3 Nbd7 6. Ne2 e5 7. Ng3 Bd6 8. O-O O-O 9. Bg5 h6 10.
Be3 exd4 11. Bxd4 Ne5 12. c3 c5 13. Bxe5 Bxe5 14. Qc2 Qc7 15. Nd2 Be6 16. Rfe1 Rab8 17. Nde4 Nd7 18. Nf1 Rfe8 19.
Rad1 Rbd8 20. Ned2 c4 21. g3 Nc5 22. Re3 Bf6 23. Ne4 Nxe4 24. Bxe4 Rxd1 25. Qxd1 Rd8 26. Qc2 Qc8 27. Re2 b5 28.
Ne3 Qd7 29. Bf5 a6 30. Bxe6 Qxe6 31. Rd2 Rxd2 32. Qxd2 Kf8 33. Qd5 Qc8 34. Nf5 Qd8 35.
Nd6 Qd7 36. Qa8+ Qd8 37. Qd5 1/2-1/2

[Event "South Island Championships 2023"]
[Site "Oamaru, New Zealand"]
[Date "2023.09.27"]
[Round "1.9"]
[White "Barry, Jacob"]
[Black "Paulsen, Jens"]
[Result "0-1"]
[TimeControl "90 + 30"]
[WhiteFideId "4304462"]
[BlackFideId "4320476"]
[WhiteElo "1565"]
[BlackElo "2080"]

1. Nf3 c5 2. e4 Nc6 3. d4 cxd4 4. Nxd4 Nf6 5. Nxc6 bxc6 6. Nc3 e5 7. Bg5 h6 8. Bh4 Be7 9. Bc4 O-O 10.
Bxf6 Bxf6 11. O-O Qc7 12. Qd3 Be7 13. a3 a5 14. Rfe1 Rb8 15. Bb3 Kh8 16. Rad1 Bc5 17. Qc4 Qa7 18.
Rd2 Ba6 19. Qa4 Bb5 0-1

[Event "South Island Championships 2023"]
[Site "Oamaru, New Zealand"]
[Date "2023.09.27"]
[Round "1.4"]
[White "Stark, John"]
[Black "McConnell, Jack"]
[Result "1-0"]
[TimeControl "90 + 30"]
[WhiteFideId "4300963"]
[BlackFideId "4321871"]
[WhiteElo "2204"]
[BlackElo "1640"]

1. c4 Nf6 2. Nc3 c5 3. g3 e6 4. Bg2 d5 5. cxd5 exd5 6. Qb3 Be6 7. Qxb7 Nbd7 8. Nb5 Rb8 9. Nc7+ Ke7 10. Nxe6 fxe6 11. Qa6 Kf7 12.
Nf3 h6 13. Bh3 Rb6 14. Qxa7 Bd6 15. Qa4 g5 16. Bg2 e5 17. O-O e4 18. Ne1 h5 19. d3 g4 20. dxe4 dxe4 21. Bg5 h4 22.
Rd1 hxg3 23. fxg3 Ke6 24. Qc4+ Ke7 25. Qxe4+ Kf7 26. Qxg4 Be5 27. Bd5+ Ke8 28. Bxf6 Bxf6 29. Qg6+ Ke7 30. Qf7+ Kd6 1-0

[Event "South Island Championships 2023"]
[Site "Oamaru, New Zealand"]
[Date "2023.09.27"]
[Round "1.8"]
[White "Lee, Edward S"]
[Black "Clarkson, Robert D"]
[Result "1-0"]
[TimeControl "90 + 30"]
[WhiteFideId "4303229"]
[BlackFideId "4302893"]
[WhiteElo "2088"]
[BlackElo "1568"]

1. b3 Nf6 2. Bb2 d6 3. f4 Nc6 4. e3 a6 5. Nf3 Bf5 6. Be2 e5 7. fxe5 dxe5 8. Nxe5 Nxe5 9. Bxe5 Qd5 10.
Bxf6 gxf6 11. Bf3 Qb5 12. a4 Qe5 13. Bxb7 Qxa1 14. Bxa8 Qe5 15. Bc6+ Kd8 16. Nc3 Rg8 17. Qe2 Qa5 18.
Qc4 Be6 19. Qd4+ Bd6 20. Ne4 Rg4 21. Qxf6+ Be7 22. Qh8+ 1-0

[Event "South Island Championships 2023"]
[Site "Oamaru, New Zealand"]
[Date "2023.09.27"]
[Round "1.7"]
[White "Loos, Rick"]
[Black "Johnson, Quentin J F"]
[Result "0-1"]
[TimeControl "90 + 30"]
[WhiteFideId "0"]
[BlackFideId "4301480"]
[WhiteElo "1602"]
[BlackElo "2089"]

1. e4 c5 2. Nf3 e6 3. d4 cxd4 4. Nxd4 Nc6 5. Nb5 d6 6. N1c3 a6 7. Na3 b5 8. Ne2 Nf6 9. Ng3 Be7 10.
c3 Bb7 11. f3 O-O 12. Be3 Rc8 13. Nc2 d5 14. exd5 Nxd5 15. Bf2 Qc7 16. Ne4 Rfd8 17. Nd4 Nxd4 18. Bg3 Qa5 19. Qxd4 Nxc3 20.
Qxg7+ 0-1

[Event "South Island Championships 2023"]
[Site "Oamaru, New Zealand"]
[Date "2023.09.27"]
[Round "1.10"]
[White "Zhang, Kendrick Botong"]
[Black "Bell, Daniel"]
[Result "1/2-1/2"]
[TimeControl "90 + 30"]
[WhiteFideId "4307704"]
[BlackFideId "4319427"]
[WhiteElo "2067"]
[BlackElo "1565"]

1. e4 c6 2. d4 d5 3. e5 Bf5 4. Nd2 e6 5. Nb3 Nd7 6. Nf3 Qc7 7. Be2 c5 8. Nxc5 Bxc5 9. dxc5 Nxc5 10.
Be3 Ne7 11. Nd4 a6 12. O-O O-O 13. c3 Rac8 14. f4 h6 15. g4 Be4 16. Rc1 b5 17. Nb3 Nd7 18. a4 bxa4 19. Nd2 Nc5 20.
Nxe4 dxe4 21. c4 Rfd8 22. Qc2 Nb3 23. Rcd1 Nd5 24. Qxe4 Nxe3 25. Qxe3 Qc5 26. Qxc5 Nxc5 27. Kf2 Rb8 28.
Rxd8+ Rxd8 29. Ke3 Rb8 30. Rb1 Rb3+ 31. Kd4 Nd7 32. Bd1 Rb4 33. Kc3 a5 34. Bc2 Nb6 35. Bd3 Nd7 36. Kd4 Kf8 37.
Bc2 Nb6 38. Bd3 Nd5 39. f5 Ke7 40. fxe6 fxe6 41. Bc2 Nb6 42. Bd3 Nd7 43. Bc2 Nb6 44. Bd3 Nd7 45. Be2 Nb6 46. Bf1 a3 47.
b3 a2 48. Ra1 Rxb3 49. Rxa2 a4 50. Bd3 a3 51. Be4 Nd7 52.
Bc6 Nb6 53. Bb5 Nd7 54. Ba4 Rh3 55. Bb5 Rb3 56. Bc6 Nb8 57. Ba4 Rf3 58. Bd1 Rf4+ 59. Kc3 Nc6 60. Rxa3 Nxe5 61. Be2 1/2-1/2

[Event "South Island Championships 2023"]
[Site "Oamaru, New Zealand"]
[Date "2023.09.27"]
[Round "1.2"]
[White "McNabb, Matthew D"]
[Black "Ashe, Michael"]
[Result "1-0"]
[TimeControl "90 + 30"]
[WhiteFideId "4300823"]
[BlackFideId "4310462"]
[WhiteElo "2236"]
[BlackElo "1707"]

1. d4 Nf6 2. c4 e6 3. Nc3 Bb4 4. a3 Bxc3+ 5. bxc3 O-O 6. f3 b6 7. e4 Ba6 8. Bg5 d6 9. Bd3 e5 10.
Ne2 Nbd7 11. Qa4 Bb7 12. Rd1 a5 13. Ng3 h6 14. Bc1 Re8 15. O-O Nf8 16. c5 Ba6 17. Bxa6 Rxa6 18. cxd6 Qxd6 19.
Nf5 Qd7 20. Qc2 Qc8 21. dxe5 Rxe5 22. c4 Ng6 23. Bb2 Re6 24. Rd2 Ra8 25. Rfd1 Qe8 26. Bc3 Ne5 27. Bxe5 Rxe5 28. Qc3 Rc5 29.
Nxh6+ Kh7 30. Nf5 Qe6 31. Rd4 g6 32. Ne3 c6 33. Rd6 1-0

[Event "South Island Championships 2023"]
[Site "Oamaru, New Zealand"]
[Date "2023.09.27"]
[Round "1.6"]
[White "Liu, William Rui"]
[Black "Wilson, Dion A"]
[Result "1-0"]
[TimeControl "90 + 30"]
[WhiteFideId "4313593"]
[BlackFideId "4321413"]
[WhiteElo "2094"]
[BlackElo "1611"]

1. e4 d5 2. exd5 Qxd5 3. Nc3 Qd8 4. d4 Nf6 5. Bc4 c6 6. Nf3 Bf5 7. Ne5 e6 8. g4 Be4 9. Nxe4 Nxe4 10.
Be3 Bb4+ 11. c3 Nxc3 12. bxc3 Bxc3+ 13. Ke2 Bxa1 14. Qxa1 Nd7 15. Rd1 Nb6 16. Bb3 Nd5 17. Bxd5 cxd5 18.
Qb2 Qb6 19. Qa3 f6 20. Qa4+ Kd8 21. Qd7# 1-0

[Event "South Island Championships 2023"]
[Site "Oamaru, New Zealand"]
[Date "2023.09.27"]
[Round "1.5"]
[White "Tao, Junqing Jerome"]
[Black "Cummings, Nick"]
[Result "0-1"]
[TimeControl "90 + 30"]
[WhiteFideId "4313895"]
[BlackFideId "4301218"]
[WhiteElo "1634"]
[BlackElo "2094"]

1. e4 c6 2. d4 d5 3. Nd2 dxe4 4.
Nxe4 Nf6 5. Nxf6+ exf6 6. Nf3 Bd6 7. Bd3 O-O 8. O-O Re8 9. h3 Be6 10. c3 Nd7 11. Qc2 Nf8 12. Be3 Qd7 13. Qd2 Bxh3 14. gxh3 Qxh3 15.
Bf4 Qg4+ 16. Bg3 Bxg3 17. fxg3 Qxg3+ 18. Qg2 Qd6 19. Rfe1 Ne6 20. Qh3 g6 21. Bc4 Nf4 22. Qg4 h5 23.
Qh4 g5 24. Qh2 Qd7 25. Kf2 Qf5 26. Kf1 Nd3 27. Rxe8+ Rxe8 28. Qxh5 Re7 29. b4 b5 30. Bb3 Nf4 31. Qh1 Qd3+ 32.
Kg1 Re2 33. Rd1 Qe3+ 34. Kf1 Qf2# 0-1

[Event "South Island Championships 2023"]
[Site "Oamaru, New Zealand"]
[Date "2023.09.27"]
[Round "2.11"]
[White "Coleman, Phil"]
[Black "Lee, Dylan E S"]
[Result "0-1"]
[TimeControl "90 + 30"]
[WhiteFideId "4319443"]
[BlackFideId "4310098"]
[WhiteElo "1872"]
[BlackElo "1192"]

1. e4 c6 2. Nf3 d5 3. Nc3 dxe4 4. Nxe4 Nf6 5. Neg5 h6 6. Nh3 Bxh3 7. gxh3 e6 8. d4 Bd6 9. Bd3 Nbd7 10.
Bd2 Qb6 11. b3 O-O-O 12. a4 e5 13. a5 Qc7 14. dxe5 Nxe5 15. Be3 Nxd3+ 16. cxd3 Bb4+ 17. Kf1 Nd5 18. Bxa7 Bxa5 19. Bd4 f6 20. Nh4 Rhe8 21. Qg4+ Kb8 22.
Nf5 c5 23. Bb2 Rd7 24. Qa4 b6 25. Nxg7 Rg8 26. Ne6 Qd6 27. Nxc5 bxc5 28. Qxa5 Nb6 29. Rd1 Qe6 30. Qb5 Re7 0-1

[Event "South Island Championships 2023"]
[Site "Oamaru, New Zealand"]
[Date "2023.09.27"]
[Round "2.1"]
[White "Lukey, Stephen G"]
[Black "Kerr, Atlas"]
[Result "1-0"]
[TimeControl "90 + 30"]
[WhiteFideId "4300386"]
[BlackFideId "4319486"]
[WhiteElo "2307"]
[BlackElo "1853"]

1. d4 Nf6 2. c4 c5 3. d5 g6 4. Nc3 Bg7 5. e4 d6 6. f4 O-O 7. Nf3 Bg4 8. Bd3 Nbd7 9. O-O e5 10.
f5 gxf5 11. exf5 Kh8 12. Bg5 Rg8 13. Qe1 Qf8 14. Qh4 Bh5 15. Nd2 h6 16. Bxf6 Bxf6 17. Qxh5 Bg5 18. Nde4 Be3+ 19. Kh1 Qg7 20.
Qf3 Bd4 21. f6 1-0

[Event "South Island Championships 2023"]
[Site "Oamaru, New Zealand"]
[Date "2023.09.27"]
[Round "2.5"]
[White "Ha, Timothy Huy Minh"]
[Black "Liu, William Rui"]
[Result "0-1"]
[TimeControl "90 + 30"]
[WhiteFideId "12417246"]
[BlackFideId "4313593"]
[WhiteElo "1843"]
[BlackElo "2094"]

1. Nf3 d5 2. c4 c6 3. g3 Nf6 4. Bg2 Nbd7 5. d4 e6 6. O-O Be7 7. Nc3 O-O 8. cxd5 exd5 9. Qc2 Re8 10.
Bf4 Nf8 11. Rad1 Ng6 12. Bc1 Bb4 13. a3 Bxc3 14. bxc3 Ne4 15. Nd2 Bf5 16. Nxe4 Bxe4 17. Bxe4 Rxe4 18. f3 Re6 19. e4 dxe4 20.
fxe4 Qe7 21. e5 Rd8 22. Rf2 c5 23. Qa4 Ra6 24. Qb3 Rb6 25. Qc2 cxd4 26. cxd4 Rc6 27. Qb3 Rb6 28. Qc2 Rc6 29.
Qb3 Rb6 30. Qc2 Qd7 31. Rdd2 Rc8 32. Qd1 Rb1 33. Rc2 Nxe5 34.
Rxc8+ Qxc8 35. Rc2 Qd7 36. d5 h6 37. Kg2 Rb5 38. d6 Rb6 39. Rc7 Qxd6 40. Qxd6 Rxd6 41. Rxb7 Rd7 42. Rb3 f6 43.
Be3 Kf7 44. Bc5 g5 45. h3 h5 46. Rb8 Rc7 47. Bb4 Ke6 48. Rd8 Kf5 49. Rd6 Rc6 50. Rd1 Rc2+ 51. Rd2 Rxd2+ 52. Bxd2 Ke4 53.
Kf2 Nc4 54. Bb4 f5 55. g4 hxg4 56. hxg4 fxg4 57. Kg3 Kf5 58. Bc5 a6 59. Be7 Nd2 60. Bd8 Ne4+ 61. Kg2 Nd6 62. Kg3 Ne4+ 63.
Kg2 Nc3 64. Kg3 Nd5 65. a4 Nc3 66. a5 Nd5 67. Bb6 Nf4 68. Bc5 Nh5+ 69. Kg2 Ke4 70. Be7 g3 71. Bxg5 Kf5 72. Bd8 Kg4 73.
Bb6 Nf4+ 74. Kf1 Kf3 75. Ke1 Nd5 76. Kf1 g2+ 77. Kg1 Kg3 78. Bc5 Nc3 0-1

[Event "South Island Championships 2023"]
[Site "Oamaru, New Zealand"]
[Date "2023.09.27"]
[Round "2.3"]
[White "Wang, Justin Zhide"]
[Black "Stark, John"]
[Result "0-1"]
[TimeControl "90 + 30"]
[WhiteFideId "4312830"]
[BlackFideId "4300963"]
[WhiteElo "1849"]
[BlackElo "2204"]

1. e4 c6 2. d4 d5 3. Nc3 dxe4 4.
Nxe4 Nf6 5. Nxf6+ exf6 6. c3 Bd6 7. Bd3 O-O 8. Qc2 h5 9. Ne2 Re8 10. Be3 Nd7 11. O-O-O Nf8 12. c4 Be6 13.
Kb1 Rc8 14. Nc3 a6 15. Ne4 Be7 16. Ng3 g6 17. Bh6 f5 18. Rhe1 Bb4 19.
Re2 h4 20. Nf1 Qxd4 21. a3 Qh8 22. Bf4 Be7 23. Be5 Bf6 24. Bxf6 Qxf6 25. Nd2 Bd7 26. Nf3 Rxe2 27. Bxe2 c5 28.
Qd2 Re8 29. Bd3 Bc6 30. Qf4 Bxf3 31. Qxf3 Re6 32. Bc2 Rb6 33. b3 Ne6 34. Qd3 Nd4 35. Qc3 Re6 36. Kb2 Re2 37. Rc1 Rxf2 38.
g3 h3 39. Kb1 Rxh2 40. Qe3 Rxc2 41. Rxc2 Nxc2 0-1

[Event "South Island Championships 2023"]
[Site "Oamaru, New Zealand"]
[Date "2023.09.27"]
[Round "2.2"]
[White "Ong, Rommel"]
[Black "McNabb, Matthew D"]
[Result "1/2-1/2"]
[TimeControl "90 + 30"]
[WhiteFideId "5259630"]
[BlackFideId "4300823"]
[WhiteElo "1852"]
[BlackElo "2236"]

1. e4 c5 2. Nf3 d6 3. d4 cxd4 4. Nxd4 Nf6 5. Nc3 a6 6. Bg5 Nbd7 7. Bc4 b5 8. Bb3 Bb7 9. f3 Rc8 10.
a4 b4 11. Nd5 a5 12. O-O Nc5 13. Bc4 Nfd7 14. Bb5 Ne6 15. Be3 Nxd4 16. Bxd4 Bc6 17. Qe2 e6 18. Bxc6 Rxc6 19. Bf2 Rc8 20.
Ne3 Be7 21. Rad1 O-O 22. Nc4 Rc6 23. b3 Qc7 24. Bg3 Nc5 25. Ne3 Rd8 26. Rd4 Bf6 27. Rc4 Nb7 28. Rd1 Rxc4 29. Nxc4 Be7 30.
Ne3 Qc6 31. h3 Kf8 32. Qd2 h6 33. Nc4 d5 34. Ne5 Qb6+ 35. Kh2 Bg5 36. f4 Bf6 37. exd5 Bxe5 38. fxe5 Rxd5 39. Qe2 Qd8 40.
Rxd5 Qxd5 41. Qa6 Kg8 42. Qa8+ Kh7 43. Qe8 Kg6 44. h4 h5 45. Qe7 Nc5 46. Qg5+ Kh7 47. Qxh5+ Kg8 48. Qg4 Qd2 49. Qc4 Qe3 50. Qf4 Qc3 51.
Qf3 Qxc2 52. Qa8+ Kh7 53. Qxa5 Nd3 54. Qb5 Qxb3 55. a5 Qd5 56. Qxd5 exd5 57. a6 b3 58. a7 b2 59. a8=Q b1=Q 60. Qxd5 Qf1 61. e6 fxe6 62. Qxe6 Qf6 63.
Qe2 Qf5 64. Qe3 Nc5 65. Qe5 Qxe5 66. Bxe5 Nd3 67. Bd6 Nf2 68. Ba3 Ne4 69. Bc1 Kg6 70. g4 Nc3 71. h5+ Kh7 72. Bb2 Ne4 73. Kh3 g6 1/2-1/2

[Event "South Island Championships 2023"]
[Site "Oamaru, New Zealand"]
[Date "2023.09.27"]
[Round "2.4"]
[White "Cummings, Nick"]
[Black "Williams, Matt"]
[Result "1/2-1/2"]
[TimeControl "90 + 30"]
[WhiteFideId "4301218"]
[BlackFideId "4319575"]
[WhiteElo "2094"]
[BlackElo "1828"]

1. d4 d5 2. Nf3 Nf6 3. e3 Bg4 4. c4 e6 5. Qb3 Bxf3 6. gxf3 b6 7. Nc3 c6 8. Bd2 Be7 9. Bd3 Nbd7 10.
O-O O-O 11. cxd5 exd5 12. e4 c5 13. Nxd5 cxd4 14. Nxe7+ Qxe7 15. Bb4 Nc5 16. Qd1 1/2-1/2

[Event "South Island Championships 2023"]
[Site "Oamaru, New Zealand"]
[Date "2023.09.27"]
[Round "2.6"]
[White "Johnson, Quentin J F"]
[Black "Summers, Paul G"]
[Result "1-0"]
[TimeControl "90 + 30"]
[WhiteFideId "4301480"]
[BlackFideId "3232883"]
[WhiteElo "2089"]
[BlackElo "1799"]

1. d4 c5 2. d5 b5 3. e4 a6 4. c4 bxc4 5. Bxc4 d6 6. Nc3 g6 7. h3 Bg7 8. Nf3 Nd7 9. O-O Nb6 10.
Nd2 Nh6 11. f4 f5 12. e5 dxe5 13. fxe5 Bxe5 14. Nf3 Bg7 15. Qd3 Nf7 16. Bf4 Nd6 17. b3 O-O 18. Rad1 h6 19. Ne5 g5 20.
Nc6 Qc7 21. Be3 Nbxc4 22. bxc4 Bxc3 23. Qxc3 Ne4 24. Qa3 Qd6 25. Rb1 f4 26. Bc1 e6 27. Re1 exd5 28. cxd5 Re8 29. Qd3 Bf5 30.
Rb7 Rac8 31. Bb2 Ng3 32. Qc3 Rxe1+ 33. Qxe1 f3 34. Ne7+ Kf8 35. Bg7+ 1-0

[Event "South Island Championships 2023"]
[Site "Oamaru, New Zealand"]
[Date "2023.09.27"]
[Round "2.7"]
[White "Dolejs, Dan"]
[Black "Lee, Edward S"]
[Result "0-1"]
[TimeControl "90 + 30"]
[WhiteFideId "4301692"]
[BlackFideId "4303229"]
[WhiteElo "1800"]
[BlackElo "2088"]

1. e4 c6 2. Nf3 d5 3. exd5 cxd5 4. Bb5+ Bd7 5. Bxd7+ Nxd7 6. d4 e6 7. O-O Bd6 8. Bg5 Qc7 9.
Qe2 h6 10. Bh4 Ne7 11. Nc3 a6 12. Bg3 O-O 13. Bxd6 Qxd6 14. a3 Rac8 15. g3 Qb6 16. Rab1 Nf5 17. Rfd1 Rc4 18. Ne5 Nxd4 19.
Rxd4 Nxe5 20. Qxe5 Qxd4 21. Qd6 Qc5 22. Qe5 d4 23.
Qxc5 Rxc5 24. Ne2 e5 25. f4 Rxc2 26. Kf1 d3 0-1

[Event "South Island Championships 2023"]
[Site "Oamaru, New Zealand"]
[Date "2023.09.27"]
[Round "2.9"]
[White "Mayrhuber, Nikola"]
[Black "Familton, Gregory"]
[Result "1-0"]
[TimeControl "90 + 30"]
[WhiteFideId "1637819"]
[BlackFideId "4317190"]
[WhiteElo "2059"]
[BlackElo "1751"]

1. d4 Nf6 2. c4 e6 3. Nc3 Bb4 4.
e3 O-O 5. Nf3 b6 6. Bd2 Bb7 7. Bd3 c5 8. a3 cxd4 9. axb4 dxc3 10. Bxc3 d5 11. c5 Nbd7 12. Bd4 Re8 13. Ne5 Nxe5 14.
Bxe5 Nd7 15. Bd6 a5 16. Bb5 Qc8 17. cxb6 axb4 18. Rc1 Qd8 19. Rc7 Nxb6 20. Bxe8 Qxd6 21. Bxf7+ Kf8 22. Rxb7 Qc6 23.
Rxb6 Qxb6 24. Bh5 b3 25. O-O Ra2 26. Qf3+ 1-0

[Event "South Island Championships 2023"]
[Site "Oamaru, New Zealand"]
[Date "2023.09.27"]
[Round "2.10"]
[White "Gold, Hamish R"]
[Black "Christie, Richie"]
[Result "1/2-1/2"]
[TimeControl "90 + 30"]
[WhiteFideId "4301579"]
[BlackFideId "4307470"]
[WhiteElo "1758"]
[BlackElo "1927"]

1. e4 Nf6 2. e5 Nd5 3. d4 d6 4. c4 Nb6 5. f4 dxe5 6. fxe5 c5 7. d5 e6 8. Nc3 exd5 9. cxd5 c4 10.
Nf3 Bb4 11. Bxc4 Bxc3+ 12. bxc3 Nxc4 13. Qa4+ Nd7 14. Qxc4 Nb6 15. Qb5+ Qd7 16. Rb1 Nxd5 17. Qxd7+ Bxd7 18. c4 Nb6 19. c5 Na4 20. Rxb7 Nxc5 21.
Rc7 Ne6 22. Rc3 O-O 23. O-O Rfc8 24. Bb2 Rxc3 25. Bxc3 Rc8 26. Bb4 h6 27. a3 Bb5 28. Re1 Rc2 29. Rd1 Re2 30. Rd2 Re4 31.
Bd6 g5 32. Rc2 g4 33. Nh4 Rf4 34. Rf2 Rc4 35. h3 g3 36. Rf1 Rxh4 37. Rb1 a6 38. Be7 Rc4 39. Rd1 Nd4 40. Bf6 Ne2+ 41.
Kf1 Rc1 42. Rxc1 Nxc1+ 43. Ke1 Nd3+ 44. Kd2 Kh7 45. a4 Bxa4 46. Kxd3 Bc6 47. Bh4 Bxg2 48. Bxg3 Bxh3 49. Bh4 Kg6 50.
Kd4 Kf5 51. Bf6 h5 52. Kd5 Bf1 53. Kd6 Bc4 54. Kc5 Bb5 55. Kd6 Kg4 56. e6 fxe6 57. Kxe6 a5 58. Kd5 a4 59. Kc5 Bd3 60.
Kb4 Bc2 61. Ka3 1/2-1/2

[Event "South Island Championships 2023"]
[Site "Oamaru, New Zealand"]
[Date "2023.09.27"]
[Round "2.8"]
[White "Paulsen, Jens"]
[Black "Fairley, Natasha"]
[Result "1-0"]
[TimeControl "90 + 30"]
[WhiteFideId "4320476"]
[BlackFideId "4301439"]
[WhiteElo "2080"]
[BlackElo "1771"]

1. e4 e5 2. Nf3 Nc6 3. Bb5 d6 4. O-O Bg4 5. c3 Nf6 6. Re1 a6 7. Ba4 Be7 8. d3 O-O 9. Nbd2 Nd7 10.
h3 Bh5 11. Nf1 Nc5 12. Bc2 Ne6 13. Ng3 Bxf3 14. Qxf3 Bg5 15. Be3 g6 16. Rad1 Bxe3 17. fxe3 Qg5 18. Rf1 Rae8 19. d4 Ncd8 20.
Ne2 Qh4 21. dxe5 dxe5 22. Rd7 Re7 23. Rfd1 Rxd7 24. Rxd7 Qe1+ 25. Qf1 Qxf1+ 26. Kxf1 c6 27. b4 h5 28. h4 Kg7 29. Bb3 Re8 30.
Bxe6 Nxe6 31. Rxb7 c5 32. Rb6 Ra8 33. Ke1 cxb4 34. cxb4 a5 35. b5 Nc5 36. Nc3 Rd8 37. Rc6 Nd3+ 38.
Kf1 Nb4 39. Rc7 Rd2 40. b6 Rb2 41. a4 Na6 42. Nb5 Nxc7 43. bxc7 Rc2 44. Nd6 Kf8 45. c8=Q+ Rxc8 46. Nxc8 Ke8 47. Nd6+ Ke7 48. Nc4 Ke6 49.
Nxa5 f5 50. exf5+ Kxf5 51. Nc4 g5 52. a5 gxh4 53. a6 Kg4 54. Nxe5+ Kg3 55. a7 h3 56. gxh3 1-0

[Event "South Island Championships 2023"]
[Site "Oamaru, New Zealand"]
[Date "2023.09.28"]
[Round "3.3"]
[White "Liu, William Rui"]
[Black "Mayrhuber, Nikola"]
[Result "1-0"]
[TimeControl "90 + 30"]
[WhiteFideId "4313593"]
[BlackFideId "1637819"]
[WhiteElo "2094"]
[BlackElo "2059"]

1. e4 c5 2. Nf3 d6 3. d4 cxd4 4. Nxd4 Nf6 5. Nc3 a6 6. h3 e5 7. Nf3 Be7 8. g4 h6 9. Rg1 Qa5 10.
Bd2 Qb6 11. g5 hxg5 12. Nxg5 Qc6 13. Qf3 Nbd7 14. Nd5 Bd8 15. Nb4 Qc7 16. Nd5 Qc6 17. Nb4 Qc7 18. Nd5 Qc5 19. O-O-O b5 20.
Bb4 Qc6 21. Nxf6+ Nxf6 22. Bxd6 Bc7 23. Qb3 Be6 24. Nxe6 Bxd6 25. Nxg7+ Kf8 26. Nf5 Bc5 27. Bg2 Rc8 28. Kb1 Nh5 29.
Qc3 Qe6 30. Rd5 Bxf2 31. Qb4+ Kg8 32. Rf1 Bg3 33. Ne7+ Kh7 34. Nxc8 Rxc8 35. Rd6 Qe8 36. Qb3 Bf4 37. Rfd1 Qg8 38.
Bf3 Ng3 39. Qd3 Qg5 40. Rd7 Kg7 41. Rxf7+ Kxf7 42. Qd7+ Qe7 43. Qxc8 1-0

[Event "South Island Championships 2023"]
[Site "Oamaru, New Zealand"]
[Date "2023.09.28"]
[Round "3.2"]
[White "Stark, John"]
[Black "Paulsen, Jens"]
[Result "1-0"]
[TimeControl "90 + 30"]
[WhiteFideId "4300963"]
[BlackFideId "4320476"]
[WhiteElo "2204"]
[BlackElo "2080"]

1. c4 e5 2. Nc3 Nc6 3. g3 Nf6 4. Bg2 Bb4 5. Nd5 a5 6. e3 O-O 7. Ne2 Re8 8. O-O Nxd5 9. cxd5 Ne7 10.
a3 Bc5 11. d4 exd4 12. exd4 Bd6 13. Qc2 c6 14. Nc3 Ra6 15. Re1 Nxd5 16. Rxe8+ Qxe8 17. Nxd5 cxd5 18. Bxd5 Bb8 19. Bd2 d6 20. Rc1 Bh3 21. Re1 Qd7 22.
Bxb7 Rb6 23. Bc8 1-0

[Event "South Island Championships 2023"]
[Site "Oamaru, New Zealand"]
[Date "2023.09.28"]
[Round "3.4"]
[White "Lee, Dylan E S"]
[Black "Johnson, Quentin J F"]
[Result "0-1"]
[TimeControl "90 + 30"]
[WhiteFideId "4310098"]
[BlackFideId "4301480"]
[WhiteElo "1192"]
[BlackElo "2089"]

1. b3 d5 2. Bb2 Bg4 3. g3 e6 4. Bg2 Nf6 5. Nf3 Bd6 6. O-O O-O 7. d3 c5 8. Nbd2 Nc6 9. h3 Bh5 10.
e4 d4 11. a3 e5 12. Qe1 b5 13. Nh4 Nd7 14. f4 f6 15. g4 Bf7 16. Nf5 Nb6 17. Nxd6 Qxd6 18. f5 c4 19. Bc1 cxd3 20.
cxd3 Rfc8 21. Rb1 a5 22. Qg3 a4 23. b4 Nc4 24. Nf3 Ne3 25. Re1 Nc2 26. Re2 N6xb4 27. axb4 a3 28. Bxa3 Rxa3 29.
Ne1 Nxe1 30. Rexe1 Rcc3 31. Bf1 Bc4 32. Red1 Bb3 33. Rd2 Qxb4 34. Rdb2 Qe7 35. h4 h6 36. g5 fxg5 37. hxg5 Qxg5 38.
Qxg5 hxg5 39. Rg2 Ra6 40. Rxg5 Kf8 41. Rg2 Rb6 42. Ra1 Ba4 43. Rb2 Rc2 44. Rb4 Rh6 45. Raxa4 bxa4 46. Rxa4 Ke7 47.
Ra7+ Kf6 48. Ra6+ Kg5 49. Ra5 Kf4 50. Ra7 g5 51. fxg6 Rxg6+ 52. Kh1 Rc1 53. Rf7+ Ke3 54. Kh2 Rxf1 55.
Rxf1 Kxd3 56. Rg1 Rxg1 57. Kxg1 Ke2 58. Kg2 d3 59. Kg3 d2 60. Kg4 d1=Q 61. Kf5 Qd4 62. Ke6 Kf3 63. Kf7 Qd6 64.
Ke8 Qc7 65. Kf8 Kg4 66. Kg8 Kg5 67. Kh8 Kg6 68. Kg8 Qc8# 0-1

[Event "South Island Championships 2023"]
[Site "Oamaru, New Zealand"]
[Date "2023.09.28"]
[Round "3.11"]
[White "Kerr, Atlas"]
[Black "Wilson, Dion A"]
[Result "1-0"]
[TimeControl "90 + 30"]
[WhiteFideId "4319486"]
[BlackFideId "4321413"]
[WhiteElo "1853"]
[BlackElo "1611"]

1. b4 d5 2. Bb2 Bf5 3. Nf3 e6 4. e3 h6 5. b5 Nf6 6. d4 c5 7. c4 Nbd7 8. Nbd2 Be7 9. Be2 O-O 10.
O-O Qc7 11. Rc1 b6 12. Ne5 Nxe5 13. dxe5 Nd7 14. f4 f6 15. cxd5 fxe5 16. e4 exd5 17. exf5 e4 18. Nb3 Qd6 19.
g4 Bf6 20. Bxf6 Rxf6 21. Qd2 d4 22. Bc4+ Kh8 23. Qg2 Re8 24. Be6 Rfxe6 25. fxe6 Rxe6 26. f5 Re7 27. g5 d3 28. Rc4 e3 29. Re4 c4 30. Rxc4 hxg5 31. Rd4 Qxd4 32. Nxd4 Nc5 33.
Qxg5 Re4 34. f6 1-0